| TOP OF THE 1ST |
|
Salem-Keizer Volcanoes batting - Pitching for Milwaukee (NYP) Brewers : RHP Josh Pelletier
|
|
Pitching: RHP Josh Pelletier
|
|
|
Batting: LHB Antonio Gutierrez
|
0-0: Called Strike 0-1: Bunt missed! 0-2: Foul Ball, location: 2F 0-2: Ball 1-2: Strikes out swinging, 2-3 out at first.
|
|
Batting: LHB Alex Larangho
|
0-0: Ball 1-0: Foul Ball, location: 2F 1-1: Called Strike 1-2: Ball 2-2: Foul Ball, location: 2F 2-2: Strikes out swinging
|
|
Batting: RHB Jaime Rios
|
0-0: Ball 1-0: Ball 2-0: Called Strike 2-1: Fly out, F8 (Flyball, 8LD, EV 103.1 MPH)
|
| Top of the 1st over - 0 runs, 0 hits, 0 errors, 0 left on base; Salem-Keizer 0 - Milwaukee (NYP) 0 |
| BOTTOM OF THE 1ST |
|
Milwaukee (NYP) Brewers batting - Pitching for Salem-Keizer Volcanoes : RHP Danny Estrada
|
|
Pitching: RHP Danny Estrada
|
|
|
Batting: RHB Jose Cerritos
|
0-0: Called Strike 0-1: Swinging Strike 0-2: Ground out 6-3 (Groundball, 6, EV 90.0 MPH)
|
|
Batting: SHB Jerry Duffy
|
0-0: Ball 1-0: Called Strike 1-1: Foul Ball, location: 2F 1-2: Ball 2-2: Ball 3-2: Base on Balls
|
|
Batting: SHB Aaron Neill
|
0-0: Ball 1-0: Ball 2-0: Ball 3-0: Base on Balls Jerry Duffy to second
|
|
Batting: RHB Jeremy Harden
|
0-0: Foul Ball, location: 2F 0-1: Called Strike 0-2: Ball 1-2: SINGLE (Groundball, 6S, EV 73.1 MPH) (infield hit) Jerry Duffy to third Aaron Neill to second
|
|
Batting: SHB Sam Bingham
|
0-0: Ball 1-0: Foul Ball, location: 2F 1-1: Foul Ball, location: 2F 1-2: Foul Ball, location: 2F 1-2: DOUBLE (Flyball, 78XD, EV 97.5 MPH) Jerry Duffy scores Aaron Neill scores Jeremy Harden to third
|
|
Batting: LHB Sal Burgos
|
0-0: Called Strike 0-1: Ball 1-1: Ground out 4-3 (Groundball, 4, EV 89.4 MPH) Jeremy Harden scores Sam Bingham to third
|
|
Batting: LHB Paul Collins
|
0-0: Called Strike 0-1: Called Strike 0-2: Strikes out swinging
|
| Bottom of the 1st over - 3 runs, 2 hits, 0 errors, 1 left on base; Salem-Keizer 0 - Milwaukee (NYP) 3 |
| TOP OF THE 2ND |
|
Salem-Keizer Volcanoes batting - Pitching for Milwaukee (NYP) Brewers : RHP Josh Pelletier
|
|
Batting: LHB Takaaki Nishimoto
|
0-0: Called Strike 0-1: Ball 1-1: SINGLE (Groundball, 34D, EV 102.5 MPH)
|
|
Batting: RHB Aaron Elliott
|
0-0: Called Strike 0-1: Swinging Strike 0-2: Strikes out swinging
|
|
Batting: LHB Adam Oldfield
|
0-0: Ball 1-0: Ball 2-0: Ball 3-0: Base on Balls Takaaki Nishimoto to second
|
|
Batting: RHB Joey Black
|
0-0: Called Strike 0-1: Ball 1-1: Ball 2-1: Foul Ball, location: 2F 2-2: Ball 3-2: Ground out 5-3 (Groundball, 5S, EV 73.1 MPH) Takaaki Nishimoto to third Adam Oldfield to second
|
|
Batting: SHB Michael Woodard
|
0-0: Called Strike 0-1: Foul Ball, location: 2F 0-2: Strikes out swinging
|
| Top of the 2nd over - 0 runs, 1 hit, 0 errors, 2 left on base; Salem-Keizer 0 - Milwaukee (NYP) 3 |
| BOTTOM OF THE 2ND |
|
Milwaukee (NYP) Brewers batting - Pitching for Salem-Keizer Volcanoes : RHP Danny Estrada
|
|
Batting: LHB Umar Matoub
|
0-0: Ball 1-0: Foul Ball, location: 2F 1-1: Ball 2-1: Ball 3-1: Ground out 6-3 (Groundball, 56, EV 106.9 MPH)
|
|
Batting: RHB Chris Riddel
|
0-0: Called Strike 0-1: Ground out 6-3 (Groundball, 6, EV 80.0 MPH)
|
|
Batting: RHB Jose Cerritos
|
0-0: Ground out 5-3 (Groundball, 5L, EV 91.2 MPH)
|
| Bottom of the 2nd over - 0 runs, 0 hits, 0 errors, 0 left on base; Salem-Keizer 0 - Milwaukee (NYP) 3 |
| TOP OF THE 3RD |
|
Salem-Keizer Volcanoes batting - Pitching for Milwaukee (NYP) Brewers : RHP Josh Pelletier
|
|
Batting: RHB Jose Sanchez
|
0-0: Ball 1-0: Ground out 6-3 (Groundball, 56, EV 89.4 MPH)
|
|
Batting: LHB Antonio Gutierrez
|
0-0: Called Strike 0-1: Swinging Strike 0-2: Ball 1-2: Ground out 6-3 (Groundball, 6, EV 106.9 MPH)
|
|
Batting: LHB Alex Larangho
|
0-0: Called Strike 0-1: Foul Ball, location: 2F 0-2: Strikes out swinging
|
| Top of the 3rd over - 0 runs, 0 hits, 0 errors, 0 left on base; Salem-Keizer 0 - Milwaukee (NYP) 3 |
| BOTTOM OF THE 3RD |
|
Milwaukee (NYP) Brewers batting - Pitching for Salem-Keizer Volcanoes : RHP Danny Estrada
|
|
Batting: SHB Jerry Duffy
|
0-0: Called Strike 0-1: Called Strike 0-2: Foul Ball, location: 2F 0-2: Ball 1-2: Ball 2-2: SINGLE (Line Drive, 34, EV 97.5 MPH)
|
|
Batting: SHB Aaron Neill
|
0-0: Foul Ball, location: 2F 0-1: Ball Jerry Duffy steals 2nd, throwing error, E2 Jerry Duffy to third 1-1: Called Strike 1-2: Ball 2-2: DOUBLE (Line Drive, 9LD, EV 103.1 MPH) Jerry Duffy scores
|
|
Batting: RHB Jeremy Harden
|
0-0: Ball 1-0: Called Strike 1-1: Ball 2-1: Ball 3-1: Called Strike 3-2: SINGLE (Groundball, 56D, EV 98.1 MPH) Aaron Neill to third
|
|
Batting: SHB Sam Bingham
|
0-0: Called Strike 0-1: Ball 1-1: Ball 2-1: Ball 3-1: Called Strike 3-2: SINGLE (Groundball, 4, EV 103.8 MPH) Aaron Neill scores Jeremy Harden to second
|
|
Pitching: RHP James Jenkins
|
|
|
Batting: LHB Sal Burgos
|
0-0: Ball 1-0: Called Strike 1-1: Ball 2-1: Foul Ball, location: 2F 2-2: Fly out, F5 (Popup, 5S, EV 90.0 MPH)
|
|
Batting: LHB Paul Collins
|
0-0: Ball 1-0: 3-RUN HOME RUN (Flyball, 9D, EV 97.5 MPH), Distance : 377 ft
|
|
Batting: LHB Umar Matoub
|
0-0: Ball 1-0: Ball 2-0: Ball 3-0: Called Strike 3-1: Base on Balls
|
|
Batting: RHB Chris Riddel
|
0-0: Ball 1-0: Called Strike 1-1: Foul Ball, location: 2F 1-2: Ball 2-2: Grounds into double play, 5-4-3 (Groundball, 5, EV 103.8 MPH)
|
| Bottom of the 3rd over - 5 runs, 5 hits, 1 error, 0 left on base; Salem-Keizer 0 - Milwaukee (NYP) 8 |
| TOP OF THE 4TH |
|
Salem-Keizer Volcanoes batting - Pitching for Milwaukee (NYP) Brewers : RHP Josh Pelletier
|
|
Batting: RHB Jaime Rios
|
0-0: Fly out, F9 (Flyball, 9, EV 86.2 MPH)
|
|
Batting: LHB Takaaki Nishimoto
|
0-0: Ball 1-0: Called Strike 1-1: Ball 2-1: Swinging Strike 2-2: Strikes out swinging
|
|
Batting: RHB Aaron Elliott
|
0-0: Ball 1-0: Swinging Strike 1-1: SINGLE (Groundball, P, EV 93.1 MPH) (infield hit)
|
|
Batting: LHB Adam Oldfield
|
0-0: Ball 1-0: Foul Ball, location: 2F 1-1: Called Strike 1-2: Ball 2-2: Foul Ball, location: 2F 2-2: Foul Ball, location: 2F 2-2: Strikes out swinging
|
| Top of the 4th over - 0 runs, 1 hit, 0 errors, 1 left on base; Salem-Keizer 0 - Milwaukee (NYP) 8 |
| BOTTOM OF THE 4TH |
|
Milwaukee (NYP) Brewers batting - Pitching for Salem-Keizer Volcanoes : RHP James Jenkins
|
|
Batting: RHB Jose Cerritos
|
0-0: Called Strike 0-1: SINGLE (Line Drive, 7S, EV 98.8 MPH)
|
|
Pitching: RHP Edward Jones
|
|
|
Batting: SHB Jerry Duffy
|
0-0: Fielders Choice at 2nd, 4-6 (Groundball, 4, EV 88.8 MPH)
|
|
Batting: SHB Aaron Neill
|
0-0: Called Strike 0-1: Called Strike 0-2: Strikes out swinging
|
|
Batting: RHB Jeremy Harden
|
0-0: Swinging Strike 0-1: Swinging Strike 0-2: Ball 1-2: Ball 2-2: Strikes out swinging
|
| Bottom of the 4th over - 0 runs, 1 hit, 0 errors, 1 left on base; Salem-Keizer 0 - Milwaukee (NYP) 8 |
| TOP OF THE 5TH |
|
Salem-Keizer Volcanoes batting - Pitching for Milwaukee (NYP) Brewers : RHP Josh Pelletier
|
|
Batting: RHB Joey Black
|
0-0: Ground out 4-3 (Groundball, 4, EV 96.2 MPH)
|
|
Batting: SHB Michael Woodard
|
0-0: Ball 1-0: Fly out, F9 (Line Drive, 9LM, EV 94.4 MPH)
|
|
Batting: RHB Jose Sanchez
|
0-0: Called Strike 0-1: Called Strike 0-2: Foul Ball, location: 2F 0-2: Ball 1-2: Strikes out swinging
|
| Top of the 5th over - 0 runs, 0 hits, 0 errors, 0 left on base; Salem-Keizer 0 - Milwaukee (NYP) 8 |
| BOTTOM OF THE 5TH |
|
Milwaukee (NYP) Brewers batting - Pitching for Salem-Keizer Volcanoes : RHP Edward Jones
|
|
Batting: SHB Sam Bingham
|
0-0: Swinging Strike 0-1: Ball 1-1: Called Strike 1-2: Strikes out swinging
|
|
Batting: LHB Sal Burgos
|
0-0: Called Strike 0-1: Ball 1-1: SINGLE (Groundball, 4MD, EV 101.2 MPH)
|
|
Batting: LHB Paul Collins
|
0-0: Foul Ball, location: 2F 0-1: Ball 1-1: Called Strike 1-2: Hit by Pitch Sal Burgos to second
|
|
Batting: LHB Umar Matoub
|
0-0: Called Strike 0-1: Foul Ball, location: 2F 0-2: Ball Wild Pitch! Sal Burgos to third Paul Collins to second 1-2: Ball 2-2: Ball 3-2: Base on Balls
|
|
Batting: RHB Chris Riddel
|
0-0: Ball 1-0: Foul Ball, location: 2F 1-1: GRAND SLAM HOME RUN (Flyball, 78XD, EV 105.0 MPH), Distance : 420 ft
|
|
Pitching: RHP Ricky Pizarro
|
|
|
Batting: RHB Jose Cerritos
|
0-0: Ball 1-0: Hit by Pitch
|
|
Batting: SHB Jerry Duffy
|
0-0: Ball Wild Pitch! Jose Cerritos to second 1-0: Ball 2-0: Ball 3-0: Called Strike 3-1: Base on Balls
|
|
Batting: SHB Aaron Neill
|
0-0: Foul Ball, location: 2F 0-1: Ball Balk! Jose Cerritos to third Jerry Duffy to second 1-1: Swinging Strike 1-2: SINGLE (Groundball, 34D, EV 104.4 MPH) Jose Cerritos scores Jerry Duffy to third
|
|
Batting: RHB Jeremy Harden
|
0-0: Called Strike 0-1: Swinging Strike 0-2: Ball 1-2: Foul Ball, location: 2F 1-2: Strikes out swinging
|
|
Batting: SHB Sam Bingham
|
0-0: Ball 1-0: Ball 2-0: Ball 3-0: Called Strike 3-1: Foul Ball, location: 2F 3-2: Base on Balls Aaron Neill to second
|
|
Batting: LHB Sal Burgos
|
0-0: Fly out, F9 (Flyball, 9LS, EV 87.5 MPH)
|
| Bottom of the 5th over - 5 runs, 3 hits, 0 errors, 3 left on base; Salem-Keizer 0 - Milwaukee (NYP) 13 |
| TOP OF THE 6TH |
|
Salem-Keizer Volcanoes batting - Pitching for Milwaukee (NYP) Brewers : RHP Josh Pelletier
|
|
Batting: LHB Antonio Gutierrez
|
0-0: Ground out 1-3 (Groundball, 13S, EV 62.5 MPH)
|
|
Batting: LHB Alex Larangho
|
0-0: Called Strike 0-1: SINGLE (Groundball, 6MD, EV 105.6 MPH)
|
|
Batting: RHB Jaime Rios
|
0-0: Called Strike 0-1: Foul Ball, location: 2F 0-2: Strikes out swinging
|
|
Batting: LHB Takaaki Nishimoto
|
0-0: Ball 1-0: Foul Ball, location: 2F 1-1: Foul Ball, location: 2F 1-2: Ball 2-2: Foul Ball, location: 2F 2-2: Reached on error, E4 (Groundball, 4, EV 83.1 MPH) Alex Larangho to second
|
|
Batting: RHB Aaron Elliott
|
0-0: Swinging Strike 0-1: Ball 1-1: Foul Ball, location: 2F 1-2: Strikes out swinging
|
| Top of the 6th over - 0 runs, 1 hit, 1 error, 2 left on base; Salem-Keizer 0 - Milwaukee (NYP) 13 |
| BOTTOM OF THE 6TH |
|
Milwaukee (NYP) Brewers batting - Pitching for Salem-Keizer Volcanoes : RHP Ricky Pizarro
|
|
Batting: LHB Paul Collins
|
0-0: Swinging Strike 0-1: Called Strike 0-2: Ball 1-2: Ground out U3 (Groundball, 3S, EV 83.1 MPH)
|
|
Batting: LHB Umar Matoub
|
0-0: Called Strike 0-1: Fly out, F8 (Flyball, 8LD, EV 97.5 MPH)
|
|
Batting: RHB Chris Riddel
|
0-0: Ball 1-0: Ball 2-0: Called Strike 2-1: TRIPLE (Flyball, 78XD, EV 111.9 MPH)
|
|
Batting: RHB Jose Cerritos
|
0-0: Ball 1-0: SINGLE (Groundball, 6MD, EV 95.6 MPH) Chris Riddel scores
|
|
Pitching: LHP Ricardo Torres
|
|
|
Batting: SHB Jerry Duffy
|
0-0: Ground out 1-3 (Groundball, 15S, EV 67.5 MPH)
|
| Bottom of the 6th over - 1 run, 2 hits, 0 errors, 1 left on base; Salem-Keizer 0 - Milwaukee (NYP) 14 |
| TOP OF THE 7TH |
|
Salem-Keizer Volcanoes batting - Pitching for Milwaukee (NYP) Brewers : RHP Josh Pelletier
|
|
Batting: LHB Adam Oldfield
|
0-0: Ball 1-0: Swinging Strike 1-1: Called Strike 1-2: Foul Ball, location: 2F 1-2: Strikes out swinging
|
|
Batting: RHB Joey Black
|
0-0: Ball 1-0: Swinging Strike 1-1: DOUBLE (Line Drive, 9LS, EV 105.6 MPH)
|
|
Batting: SHB Michael Woodard
|
0-0: Ball 1-0: Swinging Strike 1-1: Swinging Strike 1-2: Foul Ball, location: 2F 1-2: Ground out 4-3 (Groundball, 4M, EV 83.8 MPH) Joey Black to third
|
|
Batting: RHB Jose Sanchez
|
0-0: Ground out 5-3 (Groundball, 56S, EV 86.2 MPH)
|
| Top of the 7th over - 0 runs, 1 hit, 0 errors, 1 left on base; Salem-Keizer 0 - Milwaukee (NYP) 14 |
| BOTTOM OF THE 7TH |
|
Milwaukee (NYP) Brewers batting - Pitching for Salem-Keizer Volcanoes : LHP Ricardo Torres
|
|
Pinch Hitting: LHB Steven Donovan
|
0-0: Called Strike 0-1: Ball 1-1: Ball 2-1: Swinging Strike 2-2: Foul Ball, location: 2F 2-2: Foul Ball, location: 2F 2-2: Ball 3-2: Foul Ball, location: 2F 3-2: Foul Ball, location: 2F 3-2: Foul Ball, location: 2F 3-2: Base on Balls
|
|
Batting: RHB Jeremy Harden
|
0-0: Ball Wild Pitch! Steven Donovan to second Balk! Steven Donovan to third 1-0: Swinging Strike 1-1: Foul Ball, location: 2F 1-2: Ball 2-2: Hit by Pitch
|
|
Batting: SHB Sam Bingham
|
0-0: DOUBLE (Line Drive, 7LS, EV 98.1 MPH) Steven Donovan scores Jeremy Harden to third
|
|
Batting: LHB Sal Burgos
|
0-0: Ball 1-0: Foul Ball, location: 2F 1-1: Ball 2-1: Ball 3-1: Fly out, F7 (Flyball, 78M, EV 73.8 MPH)
|
|
Batting: LHB Paul Collins
|
0-0: Foul Ball, location: 2F 0-1: Called Strike 0-2: Foul Ball, location: 2F 0-2: Ball 1-2: 3-RUN HOME RUN (Flyball, 9D, EV 95.6 MPH), Distance : 370 ft
|
|
Pitching: LHP Jason Haas
|
|
|
Batting: LHB Umar Matoub
|
0-0: Swinging Strike 0-1: Ball 1-1: Foul Ball, location: 2F 1-2: Ball 2-2: Strikes out swinging
|
|
Batting: RHB Chris Riddel
|
0-0: Ball 1-0: Foul Ball, location: 2F 1-1: Foul Ball, location: 2F 1-2: Ball 2-2: Ball 3-2: Foul Ball, location: 2F 3-2: Foul Ball, location: 2F 3-2: Ground out 4-3 (Groundball, 34D, EV 96.9 MPH)
|
| Bottom of the 7th over - 4 runs, 2 hits, 0 errors, 0 left on base; Salem-Keizer 0 - Milwaukee (NYP) 18 |
| TOP OF THE 8TH |
|
Salem-Keizer Volcanoes batting - Pitching for Milwaukee (NYP) Brewers : RHP Josh Pelletier
|
|
Now in LF: Paul Collins
|
|
|
Now in RF: Steven Donovan
|
|
|
Batting: LHB Antonio Gutierrez
|
0-0: Ball 1-0: Ground out 3-1 (Groundball, 34, EV 78.1 MPH)
|
|
Batting: LHB Alex Larangho
|
0-0: Foul Ball, location: 2F 0-1: Ball 1-1: Swinging Strike 1-2: Ball 2-2: Foul Ball, location: 2F 2-2: Foul Ball, location: 2F 2-2: Ground out 4-3 (Groundball, 4, EV 100.6 MPH)
|
|
Batting: RHB Jaime Rios
|
0-0: Called Strike 0-1: Ball 1-1: Ball 2-1: Foul Ball, location: 2F 2-2: Ground out 6-3 (Groundball, 6, EV 81.9 MPH)
|
| Top of the 8th over - 0 runs, 0 hits, 0 errors, 0 left on base; Salem-Keizer 0 - Milwaukee (NYP) 18 |
| BOTTOM OF THE 8TH |
|
Milwaukee (NYP) Brewers batting - Pitching for Salem-Keizer Volcanoes : LHP Jason Haas
|
|
Batting: RHB Jose Cerritos
|
0-0: Called Strike 0-1: Ground out 6-3 (Groundball, 6, EV 85.6 MPH)
|
|
Batting: SHB Jerry Duffy
|
0-0: Swinging Strike 0-1: Ball 1-1: Swinging Strike 1-2: Ball 2-2: Ball 3-2: SINGLE (Line Drive, 7S, EV 106.2 MPH)
|
|
Batting: LHB Steven Donovan
|
0-0: Ball Wild Pitch! Jerry Duffy to second 1-0: Called Strike 1-1: Ball 2-1: 2-RUN HOME RUN (Flyball, 9D, EV 100.0 MPH), Distance : 373 ft
|
|
Batting: RHB Jeremy Harden
|
0-0: Swinging Strike 0-1: Called Strike 0-2: Ball 1-2: Foul Ball, location: 2F 1-2: Ball 2-2: Strikes out swinging
|
|
Batting: SHB Sam Bingham
|
0-0: Foul Ball, location: 2F 0-1: Foul Ball, location: 2F 0-2: Foul Ball, location: 2F 0-2: Ball 1-2: Foul Ball, location: 2F 1-2: Foul Ball, location: 2F 1-2: Strikes out swinging
|
| Bottom of the 8th over - 2 runs, 2 hits, 0 errors, 0 left on base; Salem-Keizer 0 - Milwaukee (NYP) 20 |
| TOP OF THE 9TH |
|
Salem-Keizer Volcanoes batting - Pitching for Milwaukee (NYP) Brewers : RHP Josh Pelletier
|
|
Pitching: RHP Eric Fragoso
|
|
|
Batting: LHB Takaaki Nishimoto
|
0-0: Called Strike 0-1: Ball 1-1: Foul Ball, location: 2F 1-2: Ball 2-2: Ball 3-2: Strikes out swinging
|
|
Batting: RHB Aaron Elliott
|
0-0: Ball 1-0: Fly out, F7 (Flyball, 78S, EV 93.8 MPH)
|
|
Batting: LHB Adam Oldfield
|
0-0: Ball 1-0: Swinging Strike 1-1: Ball 2-1: Swinging Strike 2-2: Strikes out swinging
|
| Top of the 9th over - 0 runs, 0 hits, 0 errors, 0 left on base; Salem-Keizer 0 - Milwaukee (NYP) 20 |
|